 Dungeon Crawl Stone Soup version 0.24.0-37-gcf1ca852f1 (webtiles) character file.

Game seed: 2772387973014541144, levelgen mode: deterministic

2338 grindst0ne the Shield-Bearer (level 9, -6/62 HPs)
             Began as an Octopode Fighter on Nov 25, 2019.
             Was a Follower of Cheibriados.
             Shot with a bolt by an orc warrior (8 damage)
             ... in a bailey.
             The game lasted 00:09:54 (5627 turns).

grindst0ne the Shield-Bearer (Octopode Fighter)     Turns: 5627, Time: 00:09:55

Health: -6/62      AC:  4    Str: 15 (18) XL:     9   Next: 43%
Magic:  9/9        EV: 17    Int: 21 (23) God:    Cheibriados [*.....]
Gold:   234        SH: 11    Dex: 17 (18) Spells: 8/8 levels left

rFire    + . .     SeeInvis .   n - +8 lance "Wyrmbane" {slay drac, rPois rF+ rC+ AC+3}
rCold    + . .     Gourm    .   b - +0 shield
rNeg     . . .     Faith    .   (helmet restricted)
rPois    +         Spirit   .   z - amulet of rage
rElec    .         Reflect  .   i - ring of protection from magic
rCorr    .         Harm     .   q - +2 ring of intelligence
MR       +....                  y - +3 ring of intelligence
Stlth    +++.......             (no ring)
HPRegen  0.20/turn              (no ring)
MPRegen  0.11/turn              (no ring)
                                (no ring)
                                (no ring)

@: brilliant, very slightly contaminated, very slow
A: almost no armour, stealthy swim, amphibious, 8 rings, constrict 8, camouflage
1, gelatinous body 1
a: Bend Time, Renounce Religion, Evoke Berserk Rage


You were in a bailey.
You worshipped Cheibriados.
Cheibriados was aware of your devotion.
You were very hungry.

You visited 2 branches of the dungeon, and saw 9 of its levels.
You also visited: Bailey.

You collected 334 gold pieces.
You spent 100 gold pieces at shops.

Inventory:

Hand Weapons
 a - a +0 war axe
 n - the +8 lance "Wyrmbane" (weapon) {slay drac, rPois rF+ rC+ AC+3}
   (You found it on level 4 of the Dungeon)

   It affects your AC (+3).
   It protects you from fire.
   It protects you from cold.
   It protects you from poison.
Missiles
 G - a throwing net (quivered)
Armour
 b - a +0 shield (worn)
Jewellery
 i - a ring of protection from magic (left tentacle)
 q - a +2 ring of intelligence (right tentacle)
 x - an uncursed amulet of harm
 y - a +3 ring of intelligence (on tentacle)
 z - an amulet of rage (around mantle)
 A - an uncursed ring of protection from fire {unknown}
Wands
 v - a wand of flame (21)
 E - a wand of paralysis (2)
Scrolls
 e - 3 scrolls of remove curse {unknown}
 h - 4 scrolls of teleportation
 j - a scroll of immolation
 o - a scroll of fog
 p - 4 scrolls of enchant armour
 r - a scroll of enchant weapon {unknown}
 t - 2 scrolls of magic mapping {unknown}
 u - 2 scrolls of amnesia {unknown}
 F - a scroll of holy word {unknown}
Potions
 c - a potion of might
 g - 3 potions of lignification
 k - a potion of magic
 l - 7 potions of curing
 C - a potion of brilliance
 D - a potion of degeneration
Comestibles
 d - 10 rations
 B - 3 chunks of flesh


   Skills:
 - Level 6.0 Fighting
 - Level 2.0(4.1) Axes
 + Level 5.7(5.9) Polearms
 + Level 7.3 Dodging
 + Level 7.4 Shields


You had 8 spell levels left.
You didn't know any spells.
Your spell library contained the following spells:

 Spells                   Type           Power        Failure   Level  Hunger
 Corona                   Hex            ##.....      5%          1    ##.....
 Slow                     Hex            ##......     8%          2    ###....
 Inner Flame              Hex/Fire       ##......     14%         3    ####...
 Portal Projectile        Hex/Tloc       ##....       14%         3    ####...
 Cause Fear               Hex            ##........   41%         4    #####..
 Leda's Liquefaction      Hex/Erth       ##........   41%         4    #####..


Dungeon Overview and Level Annotations

Branches:
Dungeon (8/15)             Temple (1/1) D:6          Bailey (1/1)
   Lair: D:8-11

Altars:
Cheibriados
Kikubaaqudgha
Trog
Yredelemnul

Shops:
D:4 *(=

Annotations:
D:6 2 transporters, Flugslaktarn's ghost, novice MiFi


Innate Abilities, Weirdness & Mutations

You cannot wear most types of armour.
You are very stealthy in the water. (Stealth+)
You are amphibious.
You can wear up to eight rings at the same time.
You can use your tentacles to constrict eight enemies at once.
Your skin changes colour to match your surroundings (Stealth+).
Your rubbery body absorbs attacks. (AC +1, EV +1)


Message History

You block the orc's attack.
An orc warrior comes into view. It is wielding a +0 arbalest.
The orc no longer looks unusually strong.
The orc warrior no longer looks unusually strong.
You block the orc's attack.
The orc warrior shoots a bolt.
You block the bolt. The orc hits you with a +0 spear!
The orc warrior shoots a bolt.
The bolt hits you!!
* * * LOW HITPOINT WARNING * * *
You see here 2 bolts.
As you read the scroll of fog, it crumbles to dust.
The scroll dissolves into smoke.
The orc warrior shoots a bolt.
The bolt misses you. The orc misses you.
Blink to where?
Press: ? - help, Dir - move target cursor, p - orc warrior You are very lightly contaminated with residual magic.
As you read the scroll of blinking, it crumbles to dust.
You float gracefully downwards.
The orc warrior shoots a bolt.
The bolt closely misses you.
The orc warrior shoots a bolt.
The bolt hits you!
You die...

### ### ##@##
######
o..##.((##.....##
≈≈..#..(#..≈≈≈..#
≈o≈≈....((.≈≈o≈≈.#
.oo≈...o§§§≈oo.≈.+
≈o≈≈...§§§o§≈o≈≈.#
≈≈≈..#.§§#..≈≈≈..#
....##.§§##.....##
#### ##∩## ######


You could see an orc warrior and an orc.

Vanquished Creatures
  A hippogriff (D:8)
  A black bear (D:7)
  A phantom (D:8)
  6 ogres
  3 centaurs
  3 bullfrogs
  A water moccasin zombie (D:8)
  A scorpion (D:4)
  A howler monkey (D:4)
  7 crimson imps
  2 hounds (D:7)
  2 orc priests
  A centaur skeleton (D:5)
  An orc wizard (D:4)
  An iguana (D:4)
  6 worker ants
  A hound zombie (D:8)
  A hound skeleton (D:7)
  17 adders
  A gnoll (D:1)
  3 shadow imps
  2 adder skeletons
  5 worms
  A dart slug (D:3)
  3 leopard geckos
  13 orcs
  A ball python (D:7)
  8 bats
  7 giant cockroaches
  10 goblins
  6 hobgoblins
  5 jackals
  4 kobolds
  6 quokkas
  8 frilled lizards
  A leopard gecko skeleton (D:4)
  A quokka zombie (D:7)
  8 rats
150 creatures vanquished.

Notes
Turn   | Place    | Note
-------+----------+-------------------------------------------
     0 | D:1      | grindst0ne the Octopode Fighter began the quest for the
                  | Orb.
     0 | D:1      | Reached XP level 1. HP: 16/16 MP: 1/1
   128 | D:1      | Reached XP level 2. HP: 15/21 MP: 2/2
   215 | D:1      | Reached XP level 3. HP: 21/26 MP: 3/3
   577 | D:2      | Reached XP level 4. HP: 28/33 MP: 4/4
  1020 | D:3      | Reached XP level 5. HP: 31/37 MP: 5/5
  1481 | D:3      | You fall into a shaft and drop 2 floors!
  1481 | D:5      | Entered Level 5 of the Dungeon
  1535 | D:5      | HP: 1/38 [centaur skeleton (5)]
  1537 | D:5      | Reached XP level 6. HP: 1/44 MP: 6/6
  1863 | D:4      | Found Urang's Jewellery Shoppe.
  1880 | D:4      | Found the +8 lance "Wyrmbane" {slay drac, rPois rF+ rC+
                  | AC+3}
  1912 | D:4      | Found Xomaec's Weapon Emporium.
  1965 | D:4      | Reached skill level 1 in Polearms
  2083 | D:4      | Reached XP level 7. HP: 35/49 MP: 7/7
  2124 | D:4      | Reached skill level 5 in Fighting
  2192 | D:4      | Reached skill level 5 in Shields
  2590 | D:4      | Reached skill level 5 in Dodging
  2676 | D:4      | Found Eshuapha's Assorted Antiques.
  2681 | D:4      | Bought a tubular emerald ring for 100 gold pieces
  3800 | D:5      | Reached XP level 8. HP: 56/56 MP: 8/8
  3936 | D:6      | Noticed Flugslaktarn's ghost (novice MiFi)
  3937 | D:6      | Found a transporter.
  3938 | D:6      | Identified the cursed +1 great mace of Luna {flame, *Slow
                  | Str+7}
  3938 | D:6      | Noticed a two-headed ogre
  3939 | D:6      | Found a transporter.
  4318 | D:6      | Found a staircase to the Ecumenical Temple.
  4329 | Temple   | Entered the Ecumenical Temple
  4336 | Temple   | Became a worshipper of Cheibriados the Contemplative
  4659 | D:7      | Noticed a moth of wrath
  4662 | D:7      | Found a bloodstained altar of Trog.
  4819 | D:7      | Reached * piety under Cheibriados
  4866 | D:7      | Reached XP level 9. HP: 58/62 MP: 9/9
  5328 | D:8      | Reached skill level 5 in Polearms
  5577 | D:8      | Found a flagged portal.
  5591 | Bailey   | Entered a bailey
  5592 | Bailey   | Noticed an orc knight
  5624 | Bailey   | HP: 2/62 [orc warrior/bolt (30)]
  5627 | Bailey   | Shot with a bolt by an orc warrior

Levels and vault maps discovered:
D:1:      wander_arrival_estate, layout_basic, minmay_lizard_pond
D:2:      layout_basic, serial_bayou_pond_d
D:3:      layout_basic
D:4:      layout_basic, serial_shops, kennysheep_mini_moat, shop,
          kennysheep_little_box
D:5:      layout_basic, first_ration
D:6:      layout_loops_ring, minmay_temple_entry_glassed_door,
          gammafunk_ghost_smash
D:7:      layout_loops_ring, tgw_trog
D:8:      layout_loops_ring, enter_bailey_3
Temple:   minmay_crystal_snake_temple
Bailey:   bailey_polearm_4, bailey

Skill      XL: |  1  2  3  4  5  6  7  8  9 |
---------------+----------------------------+-----
Fighting       | 4 5 6 |  6.0
Shields        | 4 5 6 7 |  7.4
Dodging        | 4 5 6 7 |  7.3
Polearms       | 1 3 4 5 |  5.7
Axes           | |  2.0

Action                   |  1- 3 |  4- 6 |  7- 9 || total
-------------------------+-------+-------+-------++-------
Melee: War axe           |    46 |    55 |       ||   101
       Constrict         |    13 |    17 |    27 ||    57
       Tentacles         |     5 |    13 |    27 ||    45
       Lance             |       |    17 |   200 ||   217
Evoke: Wand              |       |       |     5 ||     5
  Use: Scroll            |       |       |    10 ||    10
       Potion            |       |       |     7 ||     7
 Stab: Sleeping          |       |     5 |    13 ||    18
       Distracted        |       |       |     2 ||     2
       Paralysed         |       |       |     4 ||     4
  Eat: Chunk             |       |     4 |     9 ||    13
Armor: Skin              |     2 |     7 |     8 ||    17
Dodge: Dodged            |    23 |    28 |    67 ||   118
Block: Shield            |    21 |    32 |    54 ||   107
